Map: Acropolis LE

Players

Djorn - Winner!

  • Race: Protoss Protoss
  • Spawn Location: 11:00

A.I. 1 (Medium)

  • Race: Terran Terran
  • Spawn Location: 5:00

VOD

Have the link to the VOD?

Description

Time

  • Played on: Aug. 23, 2019, 8:46 p.m.
  • Length: 5:09
Show
View Real Time Build Order
Export as new Build Order

Djorn Protoss - Winner!

Build Orders:  

Get SALT Encoding   

  12  0:03  Probe  
  13  0:15  Probe  
  13  0:19  Pylon  
  14  0:27  Probe  
  15  0:36  Probe  
  16  0:44  Probe  
  16  0:46  Gateway  
  17  0:53  Probe  
  18  0:58  Assimilator  
  18  1:04  Assimilator  
  18  1:05  Probe  
  19  1:16  Pylon  
  19  1:18  Probe  
  20  1:30  Probe  
  21  1:38  Cybernetics Core  
  20  2:02  Zealot  
  22  2:11  Probe  
  22  2:15  Warp Gate  
  23  2:23  Probe  
  23  2:29  Zealot  
  26  2:35  Probe  
  27  2:47  Probe  
  27  2:49  Pylon  
  28  2:56  Adept  
  30  3:00  Pylon  
  30  3:03  Pylon  
  30  3:25  Robotics Facility  
  30  3:26  Adept  
  32  3:32  Gateway  
  32  3:33  Gateway  
  32  3:51  Pylon  
  32  4:07  Immortal  
  32  4:13  Adept  
  38  4:29  Probe  
  39  4:35  Zealot x3  
Show
View Real Time Build Order
Export as new Build Order

A.I. 1 (Medium) Terran 

Build Orders:  

Get SALT Encoding   

  12  0:00  SCV  
  13  0:13  SCV  
  14  0:17  Supply Depot  
  14  0:25  SCV  
  15  0:39  SCV  
  16  0:43  Barracks  
  16  0:49  Refinery  
  16  0:51  SCV  
  17  1:03  SCV  
  18  1:15  Supply Depot  
  18  1:31  Marine  
  18  1:32  Orbital Command, Barracks  
  19  1:41  Refinery  
  19  1:50  Barracks Tech Lab  
  19  2:07  Marine  
  20  2:09  Supply Depot  
  20  2:18  Marine  
  21  2:28  Marauder, SCV  
  24  2:37  Marine  
  24  2:40  SCV  
  24  2:44  Supply Depot  
  26  2:49  Marine  
  27  2:52  SCV, Engineering Bay  
  27  2:55  Marine  
  29  3:04  SCV  
  30  3:07  Marauder  
  32  3:16  SCV  
  33  3:28  SCV  
  33  3:29  Marauder  
  36  4:01  SCV  
Tags
 
Matchup
PvT
Replay Pack
sc2replays
Spawn Locations
Cross Positions
Add a new tag
Caveats
  • Supply blocks, unpowered buildings, or Contaminate may cause inaccurate times.
  • Supply counts are checked every 10 seconds.